[Event "Titled Tuesday Blitz March 07 Late 2023"]
[White "Zhu, Jiner"]
[Black "Suarez Uriel, Adrian"]
[WhiteFideId "8608059"]
[BlackFideId "22230874"]
[WhiteElo "2384"]
[BlackElo "2331"]
[Result "1-0"]
[Round "02"]
[TimeControl "180+2"]
[Date "2023.03.07"]
[WhiteClock "0:00:18"]
[BlackClock "0:00:44"]

1. c4 e5 2. Nc3 Nf6 3. Nf3 Nc6 4. e3 Bb4 5. Qc2 O-O 6. Nd5 Bc5 7. a3 a5 8. Qf5 d6 9. Nxf6+ Qxf6 10. Qxf6 gxf6 11. b3 e4 12. Ng1 f5 13. d4 exd3 14. Bxd3 f4 15. exf4 Nd4 16. Rb1 Re8+ 17. Kf1 Bd7 18. Be3 a4 19. b4 Bb6 20. Ne2 Nb3 21. Bc1 Re7 22. h3 Rae8 23. Rg1 Bd4 24. g4 Bg7 25. Rg3 f5 26. g5 Bc6 27. Re3 Rxe3 28. fxe3 d5 29. c5 Bd7 30. Kf2 b6 31. cxb6 cxb6 32. Bb2 Bxb2 33. Rxb2 Rc8 34. Rc2 Kf7 35. Rxc8 Bxc8 36. h4 Kg6 37. Ng3 Nc1 38. h5+ Kf7 39. Bc2 b5 40. Ne2 Na2 41. Ke1 Ke6 42. Nd4+ Kd6 43. Kd2 Bd7 44. Bxf5 Bxf5 45. Nxf5+ Ke6 46. Nd4+ Ke7 47. Kc2 1-0


[Site "https://www.chess.com"]

[Event "Titled Tuesday Blitz March 07 Late 2023"]
[White "Do Valle Cardoso, Lucas"]
[Black "Harriott, Tyrell"]
[WhiteFideId "2163144"]
[BlackFideId "2086484"]
[WhiteElo "2383"]
[BlackElo "2107"]
[Result "1-0"]
[Round "02"]
[TimeControl "180+2"]
[Date "2023.03.07"]
[WhiteClock "0:01:02"]
[BlackClock "0:00:44"]

1. e4 e6 2. d4 d5 3. Nc3 f5 4. exf5 exf5 5. Nf3 Nf6 6. Bd3 Bd6 7. Ne2 O-O 8. O-O Ne4 9. Bf4 Be7 10. Ne5 Ng5 11. h3 Ne6 12. Bh2 c6 13. c3 Nd7 14. Nf4 Nxf4 15. Bxf4 Nf6 16. Re1 Ne4 17. f3 Ng5 18. a4 Ne6 19. Bh2 Bg5 20. a5 a6 21. Qc2 Qf6 22. g3 Bh6 23. Re2 Qg5 24. Kh1 Qh5 25. Kg2 g6 26. Rae1 Bg7 27. g4 fxg4 28. hxg4 Qh6 29. Nxg6 Ng5 30. Nxf8 Qh3+ 31. Kh1 Qxf3+ 32. Rg2 Bxf8 33. Rf1 Qh3 34. Bf5 Bd6 35. Bxc8 Rxc8 36. Qf5 Bxh2 37. Qxg5+ Kh8 38. Qf6+ Kg8 39. Qe6+ Kg7 40. Rf7+ Kg8 41. Rxb7+ 1-0


[Site "https://www.chess.com"]

[Event "Titled Tuesday Blitz March 07 Late 2023"]
[White "Silva, Caio Henrique Angelico"]
[Black "Lewtak, Damian"]
[WhiteFideId "22777210"]
[BlackFideId "1141724"]
[WhiteElo "2096"]
[BlackElo "2302"]
[Result "1-0"]
[Round "02"]
[TimeControl "180+2"]
[Date "2023.03.07"]
[WhiteClock "0:00:19"]
[BlackClock "0:00:09"]

1. d4 Nf6 2. c4 e6 3. Nf3 c5 4. d5 b5 5. dxe6 fxe6 6. cxb5 d5 7. g3 Nbd7 8. Bg2 Bd6 9. O-O O-O 10. Nc3 Bb7 11. b3 Qe7 12. Bb2 e5 13. Nd2 e4 14. e3 Ne5 15. Qc2 Bc8 16. Rad1 Bg4 17. f3 exf3 18. Nxf3 Nxf3+ 19. Bxf3 Qxe3+ 20. Kg2 d4 21. Bxa8 Rxa8 22. Rde1 Qh6 23. Ne4 Be7 24. Nxf6+ Bxf6 25. Qxc5 Rd8 26. Qc4+ Kh8 27. Bc1 Qh3+ 28. Kg1 d3 29. Rxf6 gxf6 30. Qf7 Rc8 31. Bb2 1-0


[Site "https://www.chess.com"]

[Event "Titled Tuesday Blitz March 07 Late 2023"]
[White "Atanasov, Anthony"]
[Black "Kaganskiy, Gleb"]
[WhiteFideId "2623897"]
[BlackFideId "4132025"]
[WhiteElo "2206"]
[BlackElo "2165"]
[Result "0-1"]
[Round "02"]
[TimeControl "180+2"]
[Date "2023.03.07"]
[WhiteClock "0:01:08"]
[BlackClock "0:00:07"]

1. d4 Nf6 2. Nf3 d5 3. Bf4 c5 4. e3 Nc6 5. Nbd2 cxd4 6. exd4 Bg4 7. c3 e6 8. Qb3 Qc8 9. Nh4 Be7 10. h3 Bh5 11. g4 Bg6 12. Nxg6 hxg6 13. Be2 Qd7 14. Rb1 a6 15. a4 Na5 16. Qc2 Bd6 17. Be5 Nc6 18. f4 Qe7 19. Qd3 Rh7 20. Bf3 Nd7 21. Bg2 Kf8 22. Nf3 Rh6 23. O-O Kg8 24. Rbe1 Na5 25. Bxd6 Qxd6 26. Ne5 Nxe5 27. fxe5 Qe7 28. Rf2 Nc4 29. Ref1 Rf8 30. b3 Nb6 31. c4 dxc4 32. bxc4 Nxa4 33. Qb3 Qd7 34. Qxb7 Qxb7 35. Bxb7 Rxh3 36. Bxa6 Rg3+ 37. Rg2 Rd3 38. Ra2 Nc3 39. Rc2 Ne4 40. Bb7 Rxd4 41. Bxe4 Rxe4 42. c5 Rc8 43. c6 Rxe5 44. c7 Kf8 45. Rb1 Ke7 46. Rb8 Kd7 47. Rb7 Rd5 48. Kg2 f6 49. Ra7 e5 50. Kf3 Rd4 51. g5 f5 52. Ra6 Rd3+ 53. Ke2 Rd6 54. Ra5 Rxc7 55. Rxc7+ Kxc7 56. Rxe5 Kd7 57. Kf3 Re6 58. Rd5+ Ke7 59. Rd4 Re5 60. Ra4 Rd5 61. Ra7+ Rd7 62. Ra6 Rd6 63. Ra7+ Ke6 64. Rxg7 Ke5 65. Re7+ Kd5 66. Kf4 Re6 67. Rd7+ Rd6 68. Rf7 Re6 69. Rf8 Re4+ 70. Kf3 Rg4 71. Rd8+ Ke6 72. Ra8 Rxg5 73. Ra6+ Kf7 74. Ra7+ Kg8 75. Kf4 Rg4+ 76. Ke5 Rg1 77. Kf6 Kh8 78. Rb7 f4 79. Kf7 f3 80. Rb2 Rh1 81. Rf2 Rh3 82. Kxg6 Kg8 83. Kf6 Kf8 84. Rf1 Ke8 85. Rd1 Rh6+ 86. Kg7 Rc6 87. Rf1 Rc3 88. Kf6 Kd7 89. Ke5 Kc6 90. Kd4 Ra3 91. Kc4 Kb6 92. Kb4 Re3 93. Rf2 Kc6 94. Kc4 Kd6 95. Kd4 Ra3 96. Ke4 Ke6 97. Kd4 Kf5 98. Rf1 Kg4 99. Rg1+ Kf4 100. Rf1 Kg3 101. Ke4 f2 102. Rb1 Kg2 103. Rb2 Kg1 104. Rb1+ f1=Q 0-1


[Site "https://www.chess.com"]

[Event "Titled Tuesday Blitz March 07 Late 2023"]
[White "Rios Escobar, Adan"]
[Black "Averjanov, Alexey"]
[WhiteFideId "3403645"]
[BlackFideId "14109867"]
[WhiteElo "2367"]
[BlackElo "2604"]
[Result "1-0"]
[Round "02"]
[TimeControl "180+2"]
[Date "2023.03.07"]
[WhiteClock "0:00:09"]
[BlackClock "0:00:01"]

1. d4 d5 2. g3 Nf6 3. Nf3 e6 4. c4 Be7 5. Bg2 O-O 6. O-O c6 7. Qc2 Nbd7 8. Nbd2 b6 9. e4 dxe4 10. Nxe4 Nxe4 11. Qxe4 Bb7 12. Rd1 Nf6 13. Qe2 Qc8 14. Bf4 Re8 15. Bh3 a5 16. Rac1 Ra7 17. c5 bxc5 18. dxc5 Nd5 19. Bg5 Bf8 20. Nd4 Ba6 21. Qf3 Rd7 22. b3 h6 23. Bd2 Qc7 24. Re1 Kh8 25. Re4 Red8 26. Bxe6 fxe6 27. Nxe6 Qc8 28. Nxd8 Rxd8 29. Bxa5 Re8 30. Rce1 Rxe4 31. Rxe4 Bxc5 32. Qf7 Qh3 33. Re8+ Kh7 34. Qg8+ Kg6 35. Qe6+ Qxe6 36. Rxe6+ Kf5 37. Rxc6 Bxf2+ 38. Kxf2 Bd3 39. Rc5 Ke4 40. Bc3 g5 41. a4 h5 42. b4 h4 43. b5 hxg3+ 44. hxg3 Bc2 45. a5 Ne7 46. Rxg5 1-0


[Site "https://www.chess.com"]

[Event "Titled Tuesday Blitz March 07 Late 2023"]
[White "Leiva, Gianmarco"]
[Black "Nunez V, Gustavo Eduardo"]
[WhiteFideId "3804399"]
[BlackFideId "4403690"]
[WhiteElo "2345"]
[BlackElo "2228"]
[Result "1-0"]
[Round "02"]
[TimeControl "180+2"]
[Date "2023.03.07"]
[WhiteClock "0:00:05"]
[BlackClock "0:00:37"]

1. e4 c5 2. Nf3 Nc6 3. Bb5 g6 4. O-O Bg7 5. c3 e5 6. d4 exd4 7. cxd4 Nxd4 8. Nxd4 Bxd4 9. Nc3 a6 10. Bc4 d6 11. Qb3 b5 12. Bxf7+ Kf8 13. Bd5 Ra7 14. Be3 Qf6 15. Bxd4 Qxd4 16. Rad1 Qf6 17. f4 Kg7 18. e5 dxe5 19. Ne4 Qe7 20. fxe5 Qxe5 21. Nxc5 Nf6 22. Rfe1 Qd6 23. Qc3 Rc7 24. b4 Bf5 25. Be4 Qf4 26. Bxf5 Qxf5 27. Ne6+ Kh6 28. Qxc7 Nh5 29. Qc1+ g5 30. Nxg5 Kg6 31. Rd6+ Nf6 32. Rf1 Qxf1+ 33. Qxf1 Rf8 34. Nxh7 Kxh7 35. Rxf6 Rg8 36. Qf5+ Kh8 37. Qh5+ Kg7 38. Rf7# 1-0


[Site "https://www.chess.com"]

[Event "Titled Tuesday Blitz March 07 Late 2023"]
[White "Rian, Kapriaga"]
[Black "Blomqvist, Erik"]
[WhiteFideId "7103263"]
[BlackFideId "1709437"]
[WhiteElo "2363"]
[BlackElo "2436"]
[Result "0-1"]
[Round "02"]
[TimeControl "180+2"]
[Date "2023.03.07"]
[WhiteClock "0:00:01"]
[BlackClock "0:00:43"]

1. d4 d5 2. Nf3 Nf6 3. Bf4 c5 4. e3 Nc6 5. Nbd2 Bg4 6. c3 e6 7. Qa4 Nd7 8. a3 c4 9. b4 cxb3 10. Qxb3 Na5 11. Qa2 Rc8 12. Rc1 Be7 13. Be2 O-O 14. O-O Nb6 15. h3 Bh5 16. g4 Bg6 17. Ne5 Bd6 18. c4 dxc4 19. Ndxc4 Naxc4 20. Bxc4 Nxc4 21. Rxc4 Rxc4 22. Qxc4 Be4 23. Qb3 Bd5 24. Qd3 f6 25. Nc4 Bxf4 26. exf4 Qc7 27. Ne3 Qxf4 28. Nxd5 exd5 29. Rb1 b6 30. Qe3 Qxe3 31. fxe3 Kf7 32. Rc1 Re8 33. Rc6 Rxe3 34. Rd6 Rxa3 35. Rxd5 Ke6 36. Rd8 b5 37. Kf2 b4 38. Ke2 a5 39. Kd2 Rxh3 40. Ra8 Ra3 0-1


[Site "https://www.chess.com"]

[Event "Titled Tuesday Blitz March 07 Late 2023"]
[White "Shapiro, Viktor"]
[Black "Benaddi, Mouhcine"]
[WhiteFideId "4175700"]
[BlackFideId "9001050"]
[WhiteElo "2152"]
[BlackElo "2036"]
[Result "1-0"]
[Round "02"]
[TimeControl "180+2"]
[Date "2023.03.07"]
[WhiteClock "0:02:09"]
[BlackClock "0:01:30"]

1. c4 e6 2. Nc3 d5 3. d4 Nf6 4. Nf3 Be7 5. Bg5 c6 6. e3 O-O 7. Qc2 Nbd7 8. O-O-O b6 9. g4 Nxg4 10. Bxe7 Qxe7 11. Rg1 f5 12. h3 Ngf6 13. cxd5 cxd5 14. Kb1 a5 15. Bb5 Ba6 16. Ne5 Bxb5 17. Nxb5 Nxe5 18. dxe5 Nd7 19. f4 Rfc8 20. Qg2 Nc5 21. Nd6 Rc7 22. Rxd5 exd5 23. Qxd5+ Qe6 24. Qxa8+ 1-0


[Site "https://www.chess.com"]

[Event "Titled Tuesday Blitz March 07 Late 2023"]
[White "Filgueira, Hernan"]
[Black "Kujawski, Adam"]
[WhiteFideId "101770"]
[BlackFideId "1100920"]
[WhiteElo "2363"]
[BlackElo "2054"]
[Result "1-0"]
[Round "02"]
[TimeControl "180+2"]
[Date "2023.03.07"]
[WhiteClock "0:00:12"]
[BlackClock "0:00:01"]

1. c4 e5 2. Nc3 Nc6 3. Nf3 f5 4. d4 e4 5. Ng5 Bb4 6. Nh3 Nf6 7. e3 O-O 8. Bd2 Be7 9. Nf4 d6 10. Be2 a6 11. h4 Bd7 12. a3 Rb8 13. b4 b5 14. cxb5 axb5 15. Bxb5 d5 16. Be2 Bd6 17. Nfxd5 Nxd5 18. Nxd5 f4 19. Nc3 f3 20. gxf3 exf3 21. Bxf3 Qf6 22. Bd5+ Kh8 23. f4 Nxd4 24. Be4 Rbe8 25. Qh5 g6 26. Qd5 Bc6 27. Qxd4 Qxd4 28. exd4 Bxe4 29. Nxe4 Rxe4+ 30. Kd1 Rxd4 31. Kc2 Bxf4 32. Bc3 Be5 33. Bxd4 Bxd4 34. Raf1 Ra8 35. Kb3 c5 36. Rd1 cxb4 37. Rxd4 Rxa3+ 38. Kxb4 Re3 39. Rd7 Re4+ 40. Kc5 h6 41. Ra1 Re8 42. Raa7 g5 43. Kd6 gxh4 44. Rh7+ Kg8 45. Rxh6 Rd8+ 46. Ke5 Rb8 47. Kf4 1-0


[Site "https://www.chess.com"]

[Event "Titled Tuesday Blitz March 07 Late 2023"]
[White "Danielian, Vardan"]
[Black "Mesa Cruz, Juan Carlos"]
[WhiteFideId "13301594"]
[BlackFideId "6423400"]
[WhiteElo "2559"]
[BlackElo "2119"]
[Result "1-0"]
[Round "02"]
[TimeControl "180+2"]
[Date "2023.03.07"]
[WhiteClock "0:02:10"]
[BlackClock "0:02:17"]

1. d4 Nf6 2. c4 e6 3. Nf3 Bb4+ 4. Bd2 Qe7 5. g3 b6 6. Bg2 Bb7 7. O-O O-O 8. a3 Bxd2 9. Nbxd2 c5 10. e3 d6 11. Rc1 Nbd7 12. Qe2 Rac8 13. Rfd1 Rfd8 14. b4 d5 15. bxc5 bxc5 16. cxd5 cxd4 17. dxe6 Rxc1 18. Rxc1 Qxe6 19. Nxd4 Qb6 20. Rb1 1-0


[Site "https://www.chess.com"]

[Event "Titled Tuesday Blitz March 07 Late 2023"]
[White "Seletsky, Grigory"]
[Black "Janaszak, Dawid"]
[WhiteFideId "14112191"]
[BlackFideId "1119206"]
[WhiteElo "2490"]
[BlackElo "2220"]
[Result "1-0"]
[Round "02"]
[TimeControl "180+2"]
[Date "2023.03.07"]
[WhiteClock "0:00:04"]
[BlackClock "0:00:08"]

1. e4 c5 2. Nc3 Nc6 3. d3 g6 4. Be3 d6 5. d4 cxd4 6. Bxd4 Nxd4 7. Qxd4 Nf6 8. e5 Nd7 9. e6 f6 10. Bb5 Bg7 11. Nge2 O-O 12. exd7 Bxd7 13. Bxd7 Qxd7 14. O-O-O f5 15. Qd5+ Kh8 16. Nd4 Rf6 17. Rhe1 e5 18. Rxe5 h6 19. Re6 Raf8 20. Rxf6 Rxf6 21. f4 Qe8 22. Qf3 Rf7 23. Nd5 Qa4 24. Qb3 Qe8 25. Qd3 Rf8 26. Kb1 Qa4 27. c3 Re8 28. Qc2 Qd7 29. g3 Re4 30. a3 Qe8 31. Nb4 Kh7 32. Ka2 Qf7+ 33. Qb3 Qe8 34. Qd5 b6 35. Qxd6 Bf8 36. Qd5 Bg7 37. Nbc6 a5 38. a4 h5 39. Ne5 h4 40. Nef3 Qxa4+ 41. Kb1 Qxd1+ 42. Ka2 Qa4+ 43. Kb1 Re7 44. Ng5+ Kh6 45. Nxf5+ gxf5 46. Qd6+ Kh5 47. Qxe7 Qd1+ 48. Ka2 hxg3 49. hxg3 Bh6 50. Ne6 Kg4 51. Nd4 Kxg3 52. Nxf5+ Kxf4 53. Nxh6 Qa4+ 54. Kb1 Qd1+ 55. Ka2 Qa4+ 56. Qa3 Qc4+ 57. Qb3 Qe2 58. Nf7 Qe3 59. Qd5 Qe7 60. Nd6 Qf8 61. Nc4 a4 62. Nxb6 a3 63. Qd4+ Kg3 64. b4 Qf7+ 65. Kxa3 Qf1 66. Nc4 Qa1+ 67. Kb3 Qb1+ 68. Nb2 Qh7 69. Qd3+ Kg4 70. Qxh7 1-0


[Site "https://www.chess.com"]

[Event "Titled Tuesday Blitz March 07 Late 2023"]
[White "Vifleemskaia, Svetlana"]
[Black "Martin Carmona, Gaston Manuel"]
[WhiteFideId "4129490"]
[BlackFideId "22284567"]
[WhiteElo "1930"]
[BlackElo "2245"]
[Result "0-1"]
[Round "02"]
[TimeControl "180+2"]
[Date "2023.03.07"]
[WhiteClock "0:00:07"]
[BlackClock "0:01:20"]

1. d4 Nf6 2. c4 e6 3. Nc3 c5 4. d5 exd5 5. cxd5 d6 6. e4 g6 7. Nf3 Bg7 8. Bb5+ Bd7 9. a4 O-O 10. h3 a6 11. Bd3 Re8 12. O-O b6 13. Bf4 Bc8 14. Nd2 Nh5 15. Bh2 Qf6 16. Nc4 Nf4 17. Nxb6 Ra7 18. Nxc8 Rxc8 19. Qf3 Nxd3 20. Qxd3 Rb7 21. Rab1 Nd7 22. Qxa6 Rcb8 23. Nb5 Rb6 24. Qa5 Ne5 25. Qc3 Qe7 26. Qc2 h5 27. Rfe1 Qg5 28. Kh1 Qh4 29. Bg3 Qe7 30. Bh2 h4 31. f4 Nd7 32. Bg1 Nf6 33. e5 Nxd5 34. exd6 Qd7 35. Bxc5 Rc6 36. b4 Nxf4 37. Qe4 Ne6 38. Nd4 Rxc5 39. bxc5 Rxb1 40. Rxb1 Nxd4 41. Qe7 Qf5 42. Rb8+ Kh7 43. Qxh4+ Bh6 44. Qd8 Qf1+ 45. Kh2 Bf4+ 46. g3 Nf3# 0-1


[Site "https://www.chess.com"]

[Event "Titled Tuesday Blitz March 07 Late 2023"]
[White "Hollan, Martin"]
[Black "Fernandez Siles, Luis"]
[WhiteFideId "360937"]
[BlackFideId "2209420"]
[WhiteElo "2370"]
[BlackElo "2186"]
[Result "0-1"]
[Round "02"]
[TimeControl "180+2"]
[Date "2023.03.07"]
[WhiteClock "0:00:02"]
[BlackClock "0:01:24"]

1. d4 Nf6 2. Nf3 g6 3. c4 Bg7 4. Nc3 O-O 5. e4 d6 6. Be2 c5 7. O-O Nc6 8. d5 Na5 9. h3 e5 10. Bg5 h6 11. Be3 Nd7 12. Nd2 f5 13. f3 f4 14. Bf2 g5 15. a3 b6 16. b4 Nb7 17. Nb3 Nf6 18. Re1 h5 19. Rb1 Rf7 20. bxc5 bxc5 21. Kf1 Bh6 22. Bd3 Rg7 23. Ke2 g4 24. hxg4 hxg4 25. Rh1 gxf3+ 26. gxf3 Rg6 27. Qc2 Bg7 28. Rbg1 Rxg1 29. Rxg1 a5 30. Qd1 a4 31. Nd2 Bd7 32. Qf1 Na5 33. Qg2 Qe7 34. Bh4 Qf7 35. Kf2 Rb8 36. Qxg7+ Qxg7 37. Bxf6 Qxg1+ 38. Kxg1 Rb2 39. Ncb1 Nb3 40. Nf1 Nc1 41. Be7 Nxd3 42. Bxd6 Ne1 43. Nbd2 Bh3 44. Bxc5 Nd3 45. Bd6 Bxf1 0-1


[Site "https://www.chess.com"]

[Event "Titled Tuesday Blitz March 07 Late 2023"]
[White "Risteski, Emil"]
[Black "Lacasa Diaz, Jose Antonio"]
[WhiteFideId "15005267"]
[BlackFideId "2203375"]
[WhiteElo "2251"]
[BlackElo "2338"]
[Result "1-0"]
[Round "02"]
[TimeControl "180+2"]
[Date "2023.03.07"]
[WhiteClock "0:00:06"]
[BlackClock "0:00:11"]

1. c4 e6 2. d4 d5 3. cxd5 exd5 4. Nc3 c5 5. Nf3 Nc6 6. e3 Nf6 7. Bb5 a6 8. Bxc6+ bxc6 9. O-O Bd6 10. dxc5 Bxc5 11. Na4 Bd6 12. b3 O-O 13. Bb2 Ne4 14. Qd4 f6 15. Rac1 Bd7 16. Rfd1 Kh8 17. Qd3 a5 18. Bd4 Rb8 19. Nc5 Bf5 20. Qe2 Re8 21. Nh4 Bc8 22. Qh5 Kg8 23. Qe2 Qe7 24. Nxe4 Qxe4 25. Nf3 Bd7 26. Bc5 Bc7 27. Rd4 Qg6 28. Nh4 Qh6 29. Nf3 Re4 30. Rcd1 Bg4 31. h3 Bxh3 32. gxh3 Qxh3 33. Rxe4 dxe4 34. Bd6 exf3 35. Qf1 Qg4+ 36. Kh1 Qh4+ 37. Kg1 Qg4+ 38. Kh1 Rb5 39. Bxc7 Rh5+ 40. Bh2 Qh4 41. Qc4+ Kf8 42. Qxh4 Rxh4 43. Kg1 Rg4+ 44. Bg3 Re4 45. Rd4 Re6 46. Kf1 g5 47. Ke1 h5 48. Rd6 h4 49. Rxe6 1-0


[Site "https://www.chess.com"]

[Event "Titled Tuesday Blitz March 07 Late 2023"]
[White "Quinones Garcia, Santiago"]
[Black "Ezat, Mohamed"]
[WhiteFideId "4408497"]
[BlackFideId "10600906"]
[WhiteElo "2263"]
[BlackElo "2386"]
[Result "0-1"]
[Round "02"]
[TimeControl "180+2"]
[Date "2023.03.07"]
[WhiteClock "0:00:13"]
[BlackClock "0:00:26"]

1. d4 Nf6 2. c4 g6 3. Nc3 Bg7 4. e4 d6 5. Nf3 O-O 6. h3 e5 7. d5 Na6 8. Be3 Nc5 9. Nd2 a5 10. a3 Ne8 11. g4 f5 12. gxf5 gxf5 13. Rg1 Kh8 14. Qh5 Qf6 15. O-O-O Qf7 16. Qh4 a4 17. Be2 Bf6 18. Bg5 Bd7 19. Bh5 Qe7 20. Nf3 fxe4 21. Nxe4 Nxe4 22. Qxe4 Ng7 23. Bg4 Bxg5+ 24. Kb1 Rf4 25. Qc2 Bxg4 26. Nxg5 Qxg5 27. hxg4 Raf8 28. Qxa4 Rxf2 29. Rh1 e4 30. Qd7 Qe5 31. Qb5 e3 32. g5 e2 33. Rde1 Rf1 34. g6 Rxh1 0-1


[Site "https://www.chess.com"]

[Event "Titled Tuesday Blitz March 07 Late 2023"]
[White "Bellissimo, Joseph F."]
[Black "Kovacs, Klara"]
[WhiteFideId "2609843"]
[BlackFideId "733210"]
[WhiteElo "2103"]
[BlackElo "2179"]
[Result "0-1"]
[Round "02"]
[TimeControl "180+2"]
[Date "2023.03.07"]
[WhiteClock "0:00:15"]
[BlackClock "0:00:56"]

1. e4 e6 2. d4 d5 3. Nd2 Be7 4. e5 c5 5. c3 Nc6 6. Ngf3 Qb6 7. Bd3 cxd4 8. cxd4 Nxd4 9. Nxd4 Qxd4 10. Nf3 Qb4+ 11. Bd2 Qxb2 12. Rb1 Qa3 13. Bb5+ Kf8 14. Ng5 a6 15. Qh5 Nh6 16. Be2 b6 17. Rxb6 Bd7 18. O-O Qxa2 19. Rb7 Qxd2 20. h4 Bc6 21. Rc7 Be8 22. Rfc1 Bxg5 23. hxg5 Nf5 24. Bg4 g6 25. Qh3 Qxg5 26. Bxf5 gxf5 27. Qa3+ Kg7 28. R1c3 f4 29. Qd6 Qf5 30. Rh3 Rb8 31. Kh2 Rb1 32. Rh4 Rg8 33. Rc8 Ra1 34. f3 Qb1 35. Rg4+ Kh6 36. Rh4+ Kg6 37. Rg4+ Kh5 38. Rc1 Qxc1 39. Rh4+ Kxh4 40. Qe7+ Kh5 41. Qh4+ Kxh4 42. g3+ fxg3+ 43. Kg2 Ra2# 0-1


[Site "https://www.chess.com"]

[Event "Titled Tuesday Blitz March 07 Late 2023"]
[White "Sokolin, Leonid"]
[Black "Sarkar, Justin"]
[WhiteFideId "2009161"]
[BlackFideId "2010011"]
[WhiteElo "2394"]
[BlackElo "2189"]
[Result "1-0"]
[Round "02"]
[TimeControl "180+2"]
[Date "2023.03.07"]
[WhiteClock "0:00:46"]
[BlackClock "0:00:01"]

1. e4 e5 2. Nf3 Nc6 3. Nc3 Nf6 4. Bb5 Nd4 5. O-O c6 6. Bd3 Nxf3+ 7. Qxf3 Bc5 8. Qg3 O-O 9. Qxe5 d6 10. Qg3 b5 11. b3 Bd4 12. Rb1 Re8 13. Ne2 Nxe4 14. Bxe4 Rxe4 15. Qd3 Qh4 16. g3 Qg4 17. Nxd4 Rxd4 18. Qc3 c5 19. f3 Qe6 20. Bb2 b4 21. Qe3 Qxe3+ 22. dxe3 Rd2 23. Rf2 Rxf2 24. Kxf2 Be6 25. Rd1 Rd8 26. c4 f6 27. e4 Kf7 28. g4 Ke7 29. h4 a5 30. g5 a4 31. Bc1 Ra8 32. Bf4 Ra6 33. Rd3 axb3 34. axb3 f5 35. e5 d5 36. cxd5 1-0


[Site "https://www.chess.com"]

[Event "Titled Tuesday Blitz March 07 Late 2023"]
[White "Balague Camps, Marc"]
[Black "Grycel, Kamil"]
[WhiteFideId "2297914"]
[BlackFideId "1115499"]
[WhiteElo "2089"]
[BlackElo "2504"]
[Result "0-1"]
[Round "02"]
[TimeControl "180+2"]
[Date "2023.03.07"]
[WhiteClock "0:00:01"]
[BlackClock "0:00:38"]

1. d4 b6 2. c4 Bb7 3. Nf3 g6 4. g3 Bg7 5. Bg2 e6 6. O-O Ne7 7. Nc3 d6 8. e4 Nd7 9. Be3 h6 10. Qd2 Nf6 11. e5 Ng4 12. exd6 cxd6 13. Rac1 Nxe3 14. fxe3 O-O 15. Kh1 Rc8 16. Qd3 Ba6 17. b3 Qd7 18. Nd2 d5 19. Nb5 Bxb5 20. cxb5 Rxc1 21. Rxc1 Rc8 22. Rf1 Nf5 23. a4 Qc7 24. Bh3 Qc3 25. Bxf5 gxf5 26. Qxc3 Rxc3 27. Re1 h5 28. Kg2 Kf8 29. Kf2 Ke7 30. Rb1 Bh6 31. Nf1 Rc2+ 32. Kf3 f6 33. Rd1 Kd6 34. Rd2 Rc3 35. Rb2 e5 36. dxe5+ fxe5 37. Kf2 Kc5 38. h3 Kb4 39. g4 fxg4 40. hxg4 hxg4 41. Kg3 Bxe3 42. Kxg4 d4 43. Kf5 Rxb3 44. Ra2 Ra3 45. Rc2 Rc3 46. Ra2 Rc5 47. Ke4 Kb3 48. Ra1 Kb2 49. Rd1 Rc4 50. Kxe5 Rxa4 51. Ke4 Rb4 52. Ng3 Rxb5 53. Ne2 Rb4 54. Rh1 a5 55. Kd3 a4 56. Rh2 Kb3 57. Rh3 a3 58. Ke4 Ka4 0-1


[Site "https://www.chess.com"]

[Event "Titled Tuesday Blitz March 07 Late 2023"]
[White "Dragomirescu, Angela"]
[Black "Abdyzhaparov, Aidar"]
[WhiteFideId "1209914"]
[BlackFideId "13800361"]
[WhiteElo "2171"]
[BlackElo "2002"]
[Result "1-0"]
[Round "02"]
[TimeControl "180+2"]
[Date "2023.03.07"]
[WhiteClock "0:00:22"]
[BlackClock "0:00:11"]

1. e4 d6 2. d4 Nf6 3. Nc3 e5 4. Nf3 Nbd7 5. Bc4 Be7 6. O-O O-O 7. Re1 c6 8. a4 b6 9. h3 a6 10. dxe5 Nxe5 11. Ba2 Qc7 12. Nd4 c5 13. Nde2 Be6 14. Bg5 Bxa2 15. Rxa2 b5 16. Bxf6 Bxf6 17. Nd5 Qd8 18. axb5 axb5 19. Rxa8 Qxa8 20. Nxf6+ gxf6 21. Ng3 Rd8 22. Qh5 Rd7 23. Qh6 Qf8 24. Qxf6 Qg7 25. Qf4 Ng6 26. Qf5 Re7 27. c3 Qe5 28. Qc8+ Re8 29. Qc6 Nh4 30. Qxb5 Re6 31. Re3 Rg6 32. Qe2 Rg5 33. Rd3 Ng6 34. Qd2 Nf4 35. Rf3 Ng6 36. Rf5 Rxf5 37. Nxf5 Qf4 38. Qxf4 Nxf4 39. Nxd6 Nd3 40. Nc4 Kg7 41. Kf1 Kf6 42. g3 Ke6 43. Ke2 Nc1+ 44. Kd2 Nb3+ 45. Kc2 Na1+ 46. Kb1 Nb3 47. f4 f5 48. e5 Kd5 49. Ne3+ Ke6 50. Kc2 Na5 51. Kd3 h5 52. Nc4 Nb3 53. Ne3 Na5 54. b4 cxb4 55. cxb4 Nc6 56. Kc4 Ne7 57. b5 Nc8 58. Kc5 Ne7 59. b6 h4 60. gxh4 Ng6 61. Ng2 Nxf4 62. Nxf4+ Kxe5 63. b7 Kxf4 64. b8=Q+ Kf3 65. h5 f4 66. h6 Kg2 67. h7 f3 68. h8=Q f2 69. Qg7+ Kh1 70. Qbb7+ 1-0


[Site "https://www.chess.com"]

[Event "Titled Tuesday Blitz March 07 Late 2023"]
[White "Ward, Ieuan C"]
[Black "Graif, William"]
[WhiteFideId "406627"]
[BlackFideId "2609835"]
[WhiteElo "2336"]
[BlackElo "2205"]
[Result "1/2-1/2"]
[Round "02"]
[TimeControl "180+2"]
[Date "2023.03.07"]
[WhiteClock "0:00:07"]
[BlackClock "0:00:16"]

1. d4 Nf6 2. c4 e5 3. dxe5 Ng4 4. Bf4 Nc6 5. Nf3 f6 6. exf6 Qxf6 7. Qd2 Bb4 8. Nc3 Bxc3 9. bxc3 d6 10. e3 Be6 11. Rb1 b6 12. c5 bxc5 13. Bb5 Bd7 14. Qd5 Qxc3+ 15. Nd2 Nf6 16. Qf3 Rb8 17. O-O Qxd2 18. Bxc6 O-O 19. Bxd7 Nxd7 20. Qc6 Rxb1 21. Rxb1 Qxa2 22. Rf1 Qe6 23. Qxc7 Ne5 24. Qxa7 c4 25. Qd4 Rc8 26. Rc1 h6 27. h3 Qf6 28. Bg3 Qe6 29. Kh2 Rc6 30. Rc3 Nd3 31. e4 Ne5 32. f3 Kh7 33. Qd5 Qxd5 34. exd5 Rc5 35. Bxe5 dxe5 36. d6 Rd5 37. Rxc4 Rxd6 38. Re4 Re6 39. f4 Kg6 40. Rxe5 Rxe5 41. fxe5 Kf5 42. Kg3 Kxe5 43. Kg4 g6 44. h4 Ke4 45. g3 Ke5 46. Kf3 Kf5 47. g4+ Ke5 48. Ke3 g5 49. h5 Kd5 50. Kd3 Ke5 51. Ke3 Kd5 52. Kd3 Kd6 53. Kd4 Ke6 54. Ke4 Kf6 55. Kd5 Kf7 56. Ke5 Ke7 57. Kf5 Kf7 58. Ke5 Ke7 59. Kf5 Kf7 60. Ke5 1/2-1/2


[Site "https://www.chess.com"]

[Event "Titled Tuesday Blitz March 07 Late 2023"]
[White "Uzcategui Rodriguez, Alejandro"]
[Black "Zirkelbach, Maj"]
[WhiteFideId "3903400"]
[BlackFideId "14613395"]
[WhiteElo "2249"]
[BlackElo "2138"]
[Result "0-1"]
[Round "02"]
[TimeControl "180+2"]
[Date "2023.03.07"]
[WhiteClock "0:00:04"]
[BlackClock "0:00:28"]

1. e4 e5 2. Nf3 Nc6 3. d4 exd4 4. Nxd4 Nf6 5. Nxc6 bxc6 6. e5 Qe7 7. Qe2 Nd5 8. c4 Ba6 9. Nd2 g6 10. Ne4 Bg7 11. f4 d6 12. exd6 cxd6 13. Nxd6+ Kf8 14. Qxe7+ Nxe7 15. c5 Bxf1 16. Kxf1 Nd5 17. Kf2 Bd4+ 18. Kf3 Bxc5 19. Ne4 Be7 20. b3 f5 21. Nf2 Bf6 22. Ba3+ Kg7 23. Rac1 Rhe8 24. Rhe1 Bc3 25. Rxe8 Rxe8 26. g3 Re3+ 27. Kg2 Re2 28. Bc5 Kf7 29. a4 a5 30. Kf3 Rb2 31. g4 Rxb3 32. Kg2 Nxf4+ 33. Kf1 fxg4 34. Nxg4 Nd3 35. Rc2 Nxc5 0-1


[Site "https://www.chess.com"]